 Dungeon Crawl Stone Soup version 0.29-a0-857-g9b1aa3ac5b (webtiles) character file.

Game seed: 15904787741265805684

15446 buhh the Nimble (level 12, -8/89 HPs)
             Began as an Octopode Fighter on July 17, 2022.
             Was an Initiate of Yredelemnul.
             Mangled by a komodo dragon (22 damage)
             ... on level 12 of the Dungeon.
             The game lasted 00:36:39 (20579 turns).

buhh the Nimble (Octopode Fighter)                 Turns: 20579, Time: 00:36:39

Health: -8/89      AC:  1    Str: 20    XL:     12   Next: 27%
Magic:  5/5        EV: 17    Int: 10    God:    Yredelemnul [......]
Gold:   1044       SH:  0    Dex: 12    Spells: 11/11 levels left

rFire   + + .      SeeInvis .   B - +7 dire flail (antimagic)
rCold   + + .      Faith    .   (shield currently unavailable)
rNeg    + . .      Spirit   .   (helmet restricted)
rPois   .          Reflect  .   (no amulet)
rElec   .          Harm     .   f - ring of resist corrosion
rCorr   +          Rampage  .   n - ring of positive energy
Will    .....                   i - ring of Contentment {Wiz *Corrode rF++ rC++}
Stlth   ++........              (no ring)
HPRegen 0.24/turn               (no ring)
MPRegen 0.09/turn               (no ring)
                                (no ring)
                                (no ring)

@: about to teleport, spiked
A: almost no armour, amphibious, 8 rings, camouflage 1, gelatinous body 1,
(nimble swimmer 1), tentacles
a: Renounce Religion, Recall Undead Harvest


You were on level 12 of the Dungeon.
You worshipped Yredelemnul.
Yredelemnul was noncommittal.
You visited 2 branches of the dungeon, and saw 13 of its levels.
You also visited: Bailey.

You collected 1244 gold pieces.
You spent 200 gold pieces at shops.

Inventory:

Hand Weapons
 x - a +0 flail of freezing
 z - the +7 mace of Resourcefulness {venom, Will+}
   (You bought it in a shop on level 6 of the Dungeon)

   It poisons the flesh of those it strikes.
   Will:      It increases your willpower.
 B - a +7 antimagic dire flail (weapon)
Missiles
 h - 5 curare-tipped darts
 q - 30 poisoned darts (quivered)
Armour
 b - a +1 buckler
Magical Staves
 A - a staff of poison
Jewellery
 f - a ring of resist corrosion (left tentacle)
 i - the ring of Contentment (on tentacle) {Wiz *Corrode rF++ rC++}
   (You acquired it on level 8 of the Dungeon)

   [ring of wizardry]

   It improves your spell success rate.
   rF:        It greatly protects you from fire.
   rC:        It greatly protects you from cold.
   *Corrode:  It may corrode you when you take damage.
 n - a ring of positive energy (right tentacle)
Scrolls
 c - 3 scrolls of teleportation {!d!d}
 d - a scroll of magic mapping {!d}
 l - 3 scrolls of noise
 E - a scroll of vulnerability
Potions
 j - a potion of berserk rage {unknown}
 k - a potion of resistance {unknown}
 m - 2 potions of might
 p - a potion of lignification {unknown}
 r - 2 potions of cancellation {!q!d}
 t - 2 potions of brilliance {!d}
 u - a potion of attraction
 D - a potion of magic {unknown}
 G - a potion of mutation {unknown}
 Z - 4 potions of flight
Miscellaneous
 H - a box of beasts (inert)


   Skills:
 + Level 10.6 Fighting
 + Level 10.3 Maces & Flails
 + Level 10.6 Dodging
 - Level 7.3 Shields
 - Level 7.0 Invocations


You had 11 spell levels left.
You didn't know any spells.
Your spell library contained the following spells:

 Spells                   Type           Power      Damage    Failure   Level
 Sandblast                Erth           0%         2d4       16%         1
 Slow                     Hex            0%         N/A       16%         1
 Sting                    Tmut/Pois      0%         1d3       16%         1
 Passwall                 Tmut/Erth      0%         N/A       22%         2
 Poisonous Vapours        Pois/Air       0%         N/A       22%         2
 Scorch                   Fire           0%         2d5       22%         2
 Confusing Touch          Hex            0%         N/A       41%         3
 Stone Arrow              Conj/Erth      0%         3d7       41%         3
 Vampiric Draining        Necr           0%         2d6       41%         3
 Flame Wave               Conj/Fire      0%         2d4       80%         4
 Olgreb's Toxic Radiance  Pois           0%         N/A       80%         4
 Summon Cactus Giant      Summ           0%         N/A       100%        6


Dungeon Overview and Level Annotations

Branches:
Dungeon (12/15) Zot: 21785  Temple (1/1) D:6 Zot: 5868     Orc (0/2) D:9
 Bailey (visited)
   Lair: D:8-11

Altars:
Ashenzari
Cheibriados
Dithmenos
Elyvilon
Fedhas
Gozag
Hepliaklqana
Kikubaaqudgha
Makhleb
Nemelex Xobeh
Okawaru
Qazlal
Ru
Sif Muna
Trog
Uskayaw
Vehumet
Wu Jian
Xom
Yredelemnul
Zin
The Shining One

Shops:
D:1 (   D:2 [[   D:4 [   D:6 (

Annotations:
D:3 1 runed translucent door, exclusion: downstairs, Crazy Yiuf
D:4 exclusion: downstairs
D:9 1 runed translucent door, quixfox's ghost, novice HOFi
D:10 exclusion: downstairs


Innate Abilities, Weirdness & Mutations

You cannot wear most types of armour.
You are amphibious.
You can wear up to eight rings at the same time.
Your skin changes colour to match your surroundings (Stealth+).
Your rubbery body absorbs attacks. (AC +1, EV +1)
((You are camouflaged when in or above water. (Stealth+)))
You have tentacles for arms and can constrict up to eight enemies at once.


Message History

The box is emptied!
The manticore flicks its tail.
The volley of spikes hits your larval firebat beast but does no damage.
What are your orders? t - Shout!
Orders for allies: a - Attack new target. r - Retreat! s - Stop attacking. g - Guard the area. f - Follow me.
Anything else - Cancel.
Gang up on whom?
Press: ? - help, Dir - move target, f - manticore
Aim: a manticore (ally target) Attack!
Your larval firebat beast breathes flames at the manticore.
The blast of flame hits the manticore!
The manticore flicks its tail.
The volley of spikes hits your larval firebat beast but does no damage.
Your larval firebat beast closely misses the manticore.
The komodo dragon bites your larval firebat beast!!
Your larval firebat beast dies!
Your larval firebat beast's corpse disappears in a puff of smoke!
You sock the manticore! You squeeze the manticore.
The manticore is heavily wounded.
The manticore misses you. The manticore closely misses you.
The manticore claws you!
You hit the komodo dragon but do no damage.
Your squeeze misses the komodo dragon. The manticore bites you!
The manticore claws you! The manticore closely misses you.
The komodo dragon closely misses you.
The barbs in your skin will harm you if you move.
Continue?
Okay, then.
As you read the scroll of teleportation {!d!d}, it crumbles to dust.
You feel strangely unstable. The manticore bites you!!
* * * LOW HITPOINT WARNING * * *
The manticore claws you!
* * * LOW HITPOINT WARNING * * *
The manticore claws you but does no damage.
The komodo dragon bites you!!
You die...
Your body rises from the dead as a mindless zombie.

## # .# ###.# .#
######### #....
.######.......###H.#
......'.......')@l#
.######.......#####
.# #.......# ##
#.......# #
##+###### # ######


You could see a manticore and a komodo dragon.

Vanquished Creatures
  Erolcha (D:11)
  Erica (D:8)
  2 two-headed ogres
  An ugly thing (D:11)
  An orc knight (Bailey)
  A cyclops (D:11)
  2 gargoyles
  Maggie (D:6)
  A kobold demonologist (Bailey)
  2 hornets
  2 trolls
  Grinder (D:3)
  21 yaks
  A shadow (D:11)
  2 wyverns
  A water elemental (D:11)
  A steam dragon (D:8)
  6 vampire mosquitoes
  Edmund (D:6)
  A water moccasin (D:8)
  11 orc warriors
  An ice beast (D:7)
  A sky beast (D:7)
  3 wolves (D:11)
  4 centaurs (D:11)
  2 phantoms
  3 kobold brigands
  3 bullfrogs
  Blork the orc (D:4)
  A gnoll sergeant (D:7)
  2 necrophages
  A scorpion (D:6)
  9 wights
  4 howler monkeys
  2 electric eels (Bailey)
  6 hounds
  2 jellies (D:5)
  4 orc priests
  A gnoll bouda (D:6)
  Jessica (D:3)
  4 iguanas
  12 orc wizards
  Robin (D:3)
  10 gnolls
  8 adders
  2 white imps (D:5)
  3 ufetubi
  3 dart slugs
  39 orcs
  10 ball pythons
  12 endoplasms
  4 giant cockroaches
  17 goblins
  12 hobgoblins
  13 jackals
  26 kobolds
  4 quokkas
  8 bats
  6 frilled lizards
  7 rats
313 creatures vanquished.

Vanquished Creatures (collateral kills)
  A yak (D:10)
  A steam dragon (D:9)
  An orc warrior (D:9)
  A wight (D:9)
  An orc priest (D:9)
  A gnoll (D:6)
  2 orcs
  3 goblins (D:9)
11 creatures vanquished.

Vanquished Creatures (others)
  An ugly thing zombie (D:11)
  A hornet zombie (D:8)
  2 vampire mosquito zombies (D:10)
  8 yak zombies
  A troll zombie (D:9)
  2 wolf zombies (D:11)
  2 centaur zombies (D:11)
  3 howler monkey zombies
  A gnoll (D:7)
  2 spectral electric eels (Bailey)
  A steam dragon zombie (D:9)
  5 gnoll zombies
  A goblin zombie (Bailey)
  A hobgoblin zombie (Bailey)
  4 kobold zombies (D:9)
  15 orc zombies
  4 fungi (D:1)
  3 plants (D:1)
57 creatures vanquished.

Grand Total: 381 creatures vanquished

Notes
Turn   | Place    | Note
-------+----------+-------------------------------------------
     0 | D:1      | buhh the Octopode Fighter began the quest for the Orb.
     0 | D:1      | Reached XP level 1. HP: 16/16 MP: 1/1
   199 | D:1      | Reached XP level 2. HP: 13/21 MP: 2/2
   485 | D:1      | Found Zoitz's Antique Weapon Emporium.
   531 | D:1      | You fall into a shaft and drop 1 floor!
   565 | D:1      | Reached XP level 3. HP: 17/26 MP: 3/3
   795 | D:1      | Found a faded altar of an unknown god.
   965 | D:2      | Found Ytazaraunt's Antique Armour Shoppe.
  1092 | D:2      | Found Nuosil's Antique Armour Shop.
  1493 | D:2      | Reached XP level 4. HP: 31/31 MP: 4/4
  1822 | D:3      | Noticed Grinder
  1969 | D:4      | Noticed a phantom
  2322 | D:3      | Identified a scroll of acquirement
  2325 | D:2      | Acquired 680 gold pieces
  2334 | D:3      | Killed Grinder
  2335 | D:3      | Reached XP level 5. HP: 28/37 MP: 5/5
  2335 | D:3      | Reached XP level 6. HP: 33/43 MP: 6/6
  2501 | D:3      | Found an ornate altar of the Wu Jian Council.
  2677 | D:3      | Noticed Jessica
  2689 | D:3      | Killed Jessica
  2764 | D:3      | Noticed Robin
  2771 | D:3      | Killed Robin
  3284 | D:3      | Found a runed translucent door.
  3285 | D:3      | Noticed Crazy Yiuf
  3408 | D:4      | Noticed Blork the orc
  3454 | D:4      | Found a sparkling altar of Nemelex Xobeh.
  3474 | D:3      | Reached XP level 7. HP: 23/49 MP: 7/7
  3703 | D:4      | Found a burning altar of Makhleb.
  3721 | D:4      | Killed Blork the orc
  4422 | D:4      | Reached skill level 5 in Fighting
  4422 | D:4      | Reached skill level 5 in Dodging
  4422 | D:4      | Reached skill level 5 in Shields
  4914 | D:4      | Found Meammac's Armour Shop.
  4999 | D:4      | Found a shimmering altar of Xom.
  4999 | D:4      | Found a blossoming altar of Fedhas.
  5007 | D:4      | Found a broken altar of Ashenzari.
  5011 | D:4      | Found a white marble altar of Elyvilon.
  5013 | D:4      | Found a faded altar of an unknown god.
  5242 | D:5      | Entered Level 5 of the Dungeon
  5455 | D:5      | Noticed a wyvern
  6457 | D:5      | Reached XP level 8. HP: 51/55 MP: 8/8
  6710 | D:5      | Found a glowing silver altar of Zin.
  6772 | D:5      | Killed a wyvern
  6773 | D:5      | Reached skill level 5 in Maces & Flails
  7138 | D:6      | Found Zextine's Antique Weapon Shoppe.
  7146 | D:6      | Bought a crude mace for 200 gold pieces
  7146 | D:6      | Identified the +7 mace of Resourcefulness {venom, Will+}
                  | (You bought it in a shop on level 6 of the Dungeon)
  7203 | D:6      | Noticed Edmund
  7209 | D:6      | Killed Edmund
  7334 | D:6      | Noticed Maggie
  7346 | D:6      | Killed Maggie
  7348 | D:6      | Reached XP level 9. HP: 41/62 MP: 9/9
  7708 | D:6      | Found a staircase to the Ecumenical Temple.
  7988 | Temple   | Entered the Ecumenical Temple
  8098 | Temple   | Became a worshipper of Yredelemnul the Dark
  9197 | D:7      | Reached * piety under Yredelemnul
  9582 | D:8      | Acquired the ring of Contentment {Wiz *Corrode rF++ rC++}
  9618 | D:8      | Noticed Erica
  9670 | D:9      | Found a flagged portal.
  9751 | D:8      | Noticed a hornet
  9801 | D:9      | HP: 3/64 [orc warrior/+0 mace (20)]
 10060 | Bailey   | Entered a bailey
 10478 | Bailey   | Noticed a kobold demonologist
 10481 | Bailey   | Noticed an orc knight
 10518 | Bailey   | Killed a kobold demonologist
 10519 | Bailey   | Reached XP level 10. HP: 72/72 MP: 10/10
 10538 | Bailey   | Killed an orc knight
 11123 | Bailey   | Identified the +5 rapier of Division {vorpal, Will- Int+8
                  | Dex+2}
 11139 | Bailey   | Found an iron altar of Okawaru.
 11141 | Bailey   | Noticed an orc high priest
 11141 | Bailey   | Noticed an orc knight
 11698 | D:9      | Reached ** piety under Yredelemnul
 12078 | D:9      | Noticed quixfox's ghost (novice HOFi)
 12081 | D:9      | Found a runed translucent door.
 12181 | D:9      | Found a staircase to the Orcish Mines.
 12239 | D:9      | HP: 3/73 [orc warrior/+0 trident (8)]
 12240 | D:9      | HP: 1/73 [orc warrior/+0 trident (2)]
 12668 | D:10     | Entered Level 10 of the Dungeon
 13032 | D:10     | Found a hide-covered altar of Uskayaw.
 13048 | D:10     | Noticed a two-headed ogre
 13597 | D:10     | Reached skill level 1 in Invocations
 13597 | D:10     | Reached XP level 11. HP: 39/80 MP: 10/12
 14831 | D:11     | Noticed Erolcha
 14831 | D:11     | Noticed a red ugly thing
 15196 | D:11     | Noticed a cyclops
 15201 | D:11     | Killed a cyclops
 15540 | D:10     | Killed a two-headed ogre
 15541 | D:10     | Reached skill level 5 in Invocations
 15636 | D:8      | Noticed a two-headed ogre
 16138 | D:8      | Killed a two-headed ogre
 16354 | D:8      | Reached skill level 10 in Fighting
 16378 | D:8      | Reached skill level 10 in Dodging
 16450 | D:8      | Killed Erica
 16451 | D:8      | Found an iron altar of Okawaru.
 16842 | D:10     | Paralysed by a hornet for 2 turns
 17602 | D:10     | HP: 4/81 [yak (3)]
 17999 | D:11     | Reached XP level 12. HP: 79/87 MP: 5/17
 19140 | D:11     | Reached skill level 10 in Maces & Flails
 19147 | D:11     | Killed Erolcha
 20579 | D:12     | Mangled by a komodo dragon

Illustrated notes

Levels and vault maps discovered:
D:1:      dpeg_arrival_solitude, layout_loops_cross,
          shapermc_ecumenical_altar_mp_urbaneastern, serial_shops, shop,
          hangedman_decor_peaks_small
D:2:      layout_loops_cross, serial_shops, nicolae_shop_trees, shop,
          minmay_misc_feat_chi, grunt_ministairs_14
D:3:      layout_basic, lemuel_crystal_altar, uniq_robin,
          uniq_crazy_yiuf_cottage, uniq_jessica, uniq_grinder
D:4:      layout_basic, mainiacjoe_overflow_alcove_4,
          chequers_temple_overflow_minitemple, lightli_temple_of_fire,
          serial_shops, shop, skrybe_limestone_x, item_on_display_b,
          uniq_blork_the_orc
D:5:      layout_loops_cross, zin_scriptorium
D:6:      layout_gridville, minmay_temple_entry_trees, serial_shops,
          nicolae_diamond_shop, minmay_crystal_room, uniq_edmund, uniq_maggie
D:7:      layout_loops_ring
D:8:      layout_gridville, mainiacjoe_overflow_small_starburst, uniq_erica
D:9:      layout_gridville, david_orc_4, enter_bailey_5,
          hellmonk_ghost_happy_afterlife
D:10:     layout_loops_cross, general_overflow_altar
D:11:     layout_loops_corners, erik_lair_island, uniq_urug, uniq_erolcha
D:12:     layout_roguey
Temple:   nicolae_temple_godzebo

Skill      XL: |  1  2  3  4  5  6  7  8  9 10 11 12 |
---------------+-------------------------------------+-----
Fighting       | 4 5 6 7 9 10 | 10.6
Maces & Flails | 3 4 5 7 8 9 10 | 10.3
Dodging        | 4 5 6 7 9 10 | 10.6
Shields        | 4 5 6 7 |  7.3
Invocations    | 1 6 7 |  7.0

Action                   |  1- 3 |  4- 6 |  7- 9 | 10-12 || total
-------------------------+-------+-------+-------+-------++-------
Melee: Flail             |    65 |    99 |   116 |       ||   280
       Constrict         |    18 |    23 |    52 |    50 ||   143
       Tentacles         |     7 |    19 |    48 |    81 ||   155
       Punch             |       |     1 |     1 |    10 ||    12
       Mace              |       |       |   100 |   178 ||   278
       Dire flail        |       |       |       |   125 ||   125
Invok: Recall Undead Har |       |       |       |     8 ||     8
Evoke: Wand              |       |       |    16 |     5 ||    21
       Box of beasts     |       |       |     1 |     1 ||     2
  Use: Scroll            |       |     2 |     2 |    19 ||    23
       Potion            |       |     1 |     6 |     9 ||    16
 Stab: Sleeping          |     7 |     5 |     7 |     3 ||    22
       Distracted        |       |       |     1 |     2 ||     3
Armor: Skin              |     6 |     4 |    10 |     9 ||    29
Dodge: Dodged            |    33 |    49 |   121 |   218 ||   421
Block: Buckler           |    10 |    21 |    47 |    32 ||   110

Table legend: (Time is in decaauts)
 A = Elapsed time spent in this place.
 B = Non-inter-level travel time spent in this place.
 C = Inter-level travel time spent in this place.
 D = Time resting spent in this place.
 E = Time spent auto-exploring this place.
 F = Levels seen in this place.
 G = Mean time per level.
                   A        B        C        D        E       F      G
               +--------+--------+--------+--------+--------+-----+--------+
         Total |  20648 |  19907 |    741 |   7713 |   8138 |  14 | 1474.9 |
       Dungeon |  19425 |  18718 |    707 |   6939 |   8056 |  12 | 1618.8 |
        Temple |    131 |     98 |     33 |      0 |     82 |   1 |  131.0 |
        Bailey |   1091 |   1091 |      0 |    774 |      0 |   1 | 1091.0 |
               +--------+--------+--------+--------+--------+-----+--------+

Top non-repeatable levels by time:
    D:10: 3502 daAuts
     D:9: 3074 daAuts
     D:3: 2503 daAuts
    D:11: 2287 daAuts
     D:6: 1679 daAuts
     D:4: 1535 daAuts
     D:5: 1190 daAuts
  Bailey: 1091 daAuts
     D:8: 1047 daAuts
     D:1: 948 daAuts
     D:2: 811 daAuts
     D:7: 804 daAuts
  Temple: 131 daAuts
    D:12: 42 daAuts
